 Dungeon Crawl Stone Soup version 0.31-a0-177-g4aa6249778 (webtiles) character file.

Game seed: 12018452064640798168

594 qw the Shooter (level 7, 0/66 HPs)
             Began as a Naga Hunter on June 18, 2023.
             Slain by Pikel
             ... wielding a +0 whip of flaming
              (2 damage)
             ... on level 4 of the Dungeon.
             The game lasted 00:01:07 (2921 turns).

qw the Shooter (Naga Hunter)                        Turns: 2921, Time: 00:01:08

Health: 0/66       AC:  4    Str: 14    XL:     7   Next: 39%
Magic:  7/7        EV: 14    Int:  9    God:
Gold:   207        SH:  0    Dex: 16    Spells: 6/6 levels left

rFire   . . .        Y - +1 shortbow
rCold   . . .        (shield currently unavailable)
rNeg    . . .        c - +0 leather armour
rPois   +            d - +0 helmet
rElec   .            (no cloak)
rCorr   .            (no gloves)
SInv    +            (no barding)
Will    .....        (no amulet)
Stlth   ++           j - +5 ring of evasion
HPRegen 0.31/turn    (no ring)
MPRegen 0.10/turn

%: no passive effects
@: short of breath, very slow
A: AC +2, large, see invisible, deformed body, poison resistance, slowness 2,
spit poison 1, naga tail 1
a: Spit Poison


You were on level 4 of the Dungeon.
You visited 1 branch of the dungeon, and saw 4 of its levels.

You collected 207 gold pieces.


Innate Abilities, Weirdness & Mutations

Your serpentine skin is tough. (AC +2)
You have supernaturally acute eyesight. (SInv)
Armour fits poorly on your strangely shaped body.
Your system is resistant to poisons. (rPois)
You cover ground very slowly.
You can spit poison.
You have a snake-like lower body.


   Skills:
 - Level 4.9 Fighting
 + Level 6.8 Ranged Weapons
 - Level 1.5 Dodging
 - Level 1.5 Stealth


You had 6 spell levels left.
You didn't know any spells.
Your spell library was empty.

Inventory:

Hand Weapons
 Y - a +1 shortbow (weapon)
Armour
 c - a +0 leather armour (worn)
 d - a +0 helmet (worn)
 m - a +3 leather armour
Jewellery
 j - a +5 ring of evasion (left hand)
Scrolls
 a - a scroll of blinking {unknown}
 f - a scroll of revelation {unknown}
 k - a scroll of identify
 l - a scroll of torment {unknown}
Potions
 b - a potion of heal wounds {unknown}
 e - a potion of magic {unknown}
 g - a potion of enlightenment {unknown}
 h - 2 potions of lignification {unknown}
 i - a potion of ambrosia {unknown}

Dungeon Overview and Level Annotations

Branches:
Dungeon (4/15)
 Temple: D:4-7

Altars:
The Shining One

Annotations:
D:3 3 runed translucent doors, qw's ghost, amateur GrHu
D:4 Pikel


Message History

The lemure is moderately wounded.
You have got your breath back.
Pikel says, "You'll feel the lick of my whip!"
Pikel hits you with a +0 whip of flaming!
Pikel burns you.
2915 ||| INVOKING Spit Poison.
Aiming: Spit Poison (1% risk of failure)
Press: ? - help, Shift-Dir - straight line, f/p - Pikel The splash of poison hits Pikel.
Pikel is severely wounded.
Pikel barely misses you.
You shoot an arrow.
The arrow hits Pikel but does no damage.
Pikel is severely wounded.
Pikel looks more healthy.
Pikel closely misses you.
You shoot an arrow. The arrow closely misses Pikel.
The arrow barely misses the lemure.
The arrow hits the orc.
You kill the orc!
Pikel closely misses you.
You shoot an arrow. The arrow hits Pikel.
Pikel is almost dead.
Pikel hits you with a +0 whip of flaming.
Pikel burns you.
You shoot an arrow. The arrow closely misses Pikel.
The arrow hits the lemure.
The lemure is heavily wounded.
You have got your breath back.
Pikel hits you with a +0 whip of flaming.
Pikel burns you.
2920 ||| INVOKING Spit Poison.
Aiming: Spit Poison (1% risk of failure)
Press: ? - help, Shift-Dir - straight line, f/p - Pikel The splash of poison hits Pikel but does no damage.
Pikel is almost dead.
Pikel closely misses you.
You shoot an arrow. The arrow closely misses Pikel.
The arrow barely misses the lemure.
The arrow hits the orc.
The orc is heavily wounded.
Pikel hits you with a +0 whip of flaming!
Pikel burns you.
You die...

.. ###.. ...
###....
#......#
#.....
#......###.#..
#............
.........o.#
#......555#
#...# #K#
#...###@######
+.....)).....#
#...###).....#
#...# #......#
#...# #......#
#######...#
#....###
#.........#
#....#
#........##
#.....
#........#
#......


You could see Pikel, 3 lemures and an orc.

Vanquished Creatures
  Sigmund (D:3)
  A lemure (D:4)
  A scorpion (D:4)
  A hound (D:4)
  A jelly (D:4)
  2 iguanas (D:4)
  An orc wizard (D:3)
  Robin (D:4)
  5 gnolls
  7 adders
  A worm (D:3)
  9 orcs
  3 endoplasms
  A giant cockroach (D:4)
  13 goblins
  14 hobgoblins
  4 jackals (D:3)
  A quokka (D:1)
  7 ball pythons
  4 bats
  5 frilled lizards
  3 kobolds
  5 rats
91 creatures vanquished.

Vanquished Creatures (others)
  An orc wizard (D:3)
1 creature vanquished.

Grand Total: 92 creatures vanquished

Notes
Turn   | Place    | Note
-------+----------+-------------------------------------------
     0 | D:1      | qw the Naga Hunter began the quest for the Orb.
     0 | D:1      | Reached XP level 1. HP: 19/19 MP: 1/1
     0 | D:1      | 0 ||| qw: Version: 0.3-a-5-g6f28e65
     0 | D:1      | 0 ||| qw: Game counter: 614
     0 | D:1      | 0 ||| qw: Always use a shield: true
     0 | D:1      | 0 ||| qw: God list: Okawaru
     0 | D:1      | 0 ||| qw: Allow faded altars: false
     0 | D:1      | 0 ||| qw: Do Orc after D:15 true
     0 | D:1      | 0 ||| qw: Do second Lair branch before Depths: true
     0 | D:1      | 0 ||| qw: Lair rune preference: random
     0 | D:1      | 0 ||| qw: Plans: Normal
     0 | D:1      | 0 ||| PLANNING D:1-11
   253 | D:1      | 253 ||| INVOKING Spit Poison.
   336 | D:1      | 336 ||| INVOKING Spit Poison.
   407 | D:1      | 407 ||| INVOKING Spit Poison.
   457 | D:1      | 457 ||| INVOKING Spit Poison.
   568 | D:1      | 568 ||| INVOKING Spit Poison.
   569 | D:1      | Reached skill level 4 in Ranged Weapons
   569 | D:1      | Reached XP level 2. HP: 26/26 MP: 2/2
   643 | D:1      | 643 ||| UPGRADING to +5 ring of evasion.
   644 | D:1      | 644 ||| READING scroll labelled YTHAGI HYROEX.
   648 | D:1      | 648 ||| READING scroll labelled BAIGIT HOIPLI.
   649 | D:1      | 649 ||| READING scroll labelled XUDONL XEOLATI.
   650 | D:1      | 650 ||| DROPPING scroll of butterflies.
   681 | D:2      | 681 ||| INVOKING Spit Poison.
   688 | D:2      | 688 ||| INVOKING Spit Poison.
   698 | D:2      | 698 ||| INVOKING Spit Poison.
   703 | D:2      | 703 ||| INVOKING Spit Poison.
   712 | D:2      | 712 ||| INVOKING Spit Poison.
   822 | D:2      | 822 ||| INVOKING Spit Poison.
   829 | D:2      | 829 ||| INVOKING Spit Poison.
   909 | D:2      | 909 ||| INVOKING Spit Poison.
   915 | D:2      | 915 ||| INVOKING Spit Poison.
   916 | D:2      | Reached XP level 3. HP: 20/32 MP: 3/3
   920 | D:2      | 920 ||| INVOKING Spit Poison.
  1234 | D:2      | 1234 ||| INVOKING Spit Poison.
  1331 | D:2      | 1331 ||| READING scroll labelled UDGHOQAO XOPP.
  1332 | D:2      | 1332 ||| READING scroll labelled HYIGUM YLORR.
  1361 | D:3      | 1361 ||| INVOKING Spit Poison.
  1364 | D:3      | 1364 ||| INVOKING Spit Poison.
  1458 | D:3      | 1458 ||| INVOKING Spit Poison.
  1459 | D:3      | 1459 ||| INVOKING Spit Poison.
  1465 | D:3      | 1465 ||| INVOKING Spit Poison.
  1475 | D:3      | 1475 ||| INVOKING Spit Poison.
  1479 | D:3      | Reached skill level 5 in Ranged Weapons
  1479 | D:3      | Reached XP level 4. HP: 16/39 MP: 4/4
  1564 | D:3      | 1564 ||| INVOKING Spit Poison.
  1578 | D:3      | Found a faded altar of an unknown god.
  1579 | D:3      | 1579 ||| INVOKING Spit Poison.
  1583 | D:3      | 1583 ||| INVOKING Spit Poison.
  1596 | D:3      | 1596 ||| INVOKING Spit Poison.
  1599 | D:3      | 1599 ||| INVOKING Spit Poison.
  1643 | D:3      | 1643 ||| INVOKING Spit Poison.
  1663 | D:3      | 1663 ||| INVOKING Spit Poison.
  1722 | D:3      | Noticed Sigmund
  1723 | D:3      | 1723 ||| INVOKING Spit Poison.
  1730 | D:3      | 1730 ||| INVOKING Spit Poison.
  1731 | D:3      | Killed Sigmund
  1732 | D:3      | Reached XP level 5. HP: 32/51 MP: 5/5
  1732 | D:3      | Reached XP level 6. HP: 37/60 MP: 6/6
  1890 | D:3      | 1890 ||| INVOKING Spit Poison.
  1891 | D:3      | 1891 ||| Stepping ~*~*~tactically~*~*~ (outnumbered).
  1896 | D:3      | 1896 ||| INVOKING Spit Poison.
  1902 | D:3      | 1902 ||| INVOKING Spit Poison.
  1908 | D:3      | 1908 ||| INVOKING Spit Poison.
  2049 | D:3      | 2049 ||| INVOKING Spit Poison.
  2078 | D:3      | Identified the +9 falchion of Wypeac {elec, Will+ Int+2
                  | Dex-3}
  2130 | D:3      | 2130 ||| INVOKING Spit Poison.
  2150 | D:3      | 2150 ||| INVOKING Spit Poison.
  2153 | D:3      | Found a glowing golden altar of the Shining One.
  2234 | D:3      | 2234 ||| INVOKING Spit Poison.
  2240 | D:3      | Found a runed translucent gate.
  2240 | D:3      | Found a runed translucent gate.
  2240 | D:3      | Found a runed translucent gate.
  2241 | D:3      | 2241 ||| UPGRADING to +0 helmet.
  2246 | D:3      | 2246 ||| INVOKING Spit Poison.
  2251 | D:3      | Noticed qw's ghost (amateur GrHu)
  2293 | D:3      | 2293 ||| READING scroll labelled VOFOTA YN EBE.
  2294 | D:3      | 2294 ||| READING scroll labelled VYGO WEL XOEBO.
  2295 | D:3      | 2295 ||| READING scroll labelled WUISEIS EJUILL.
  2364 | D:4      | 2364 ||| INVOKING Spit Poison.
  2388 | D:4      | 2388 ||| INVOKING Spit Poison.
  2392 | D:4      | 2392 ||| INVOKING Spit Poison.
  2442 | D:4      | 2442 ||| INVOKING Spit Poison.
  2474 | D:4      | 2474 ||| INVOKING Spit Poison.
  2498 | D:4      | 2498 ||| INVOKING Spit Poison.
  2504 | D:4      | 2504 ||| INVOKING Spit Poison.
  2507 | D:4      | 2507 ||| INVOKING Spit Poison.
  2513 | D:4      | 2513 ||| INVOKING Spit Poison.
  2514 | D:4      | 2514 ||| INVOKING Spit Poison.
  2667 | D:4      | Reached skill level 6 in Ranged Weapons
  2671 | D:4      | 2671 ||| INVOKING Spit Poison.
  2673 | D:4      | Reached XP level 7. HP: 66/66 MP: 7/7
  2676 | D:4      | 2676 ||| INVOKING Spit Poison.
  2677 | D:4      | 2677 ||| Stepping ~*~*~tactically~*~*~ (outnumbered).
  2679 | D:4      | 2679 ||| INVOKING Spit Poison.
  2685 | D:4      | 2685 ||| INVOKING Spit Poison.
  2754 | D:4      | 2754 ||| INVOKING Spit Poison.
  2757 | D:4      | 2757 ||| INVOKING Spit Poison.
  2830 | D:4      | 2830 ||| INVOKING Spit Poison.
  2854 | D:4      | 2854 ||| Stepping ~*~*~tactically~*~*~ (outnumbered).
  2856 | D:4      | 2856 ||| Stepping ~*~*~tactically~*~*~ (outnumbered).
  2857 | D:4      | 2857 ||| INVOKING Spit Poison.
  2860 | D:4      | Noticed Robin
  2861 | D:4      | 2861 ||| INVOKING Spit Poison.
  2866 | D:4      | 2866 ||| INVOKING Spit Poison.
  2871 | D:4      | Killed Robin
  2872 | D:4      | 2872 ||| INVOKING Spit Poison.
  2878 | D:4      | 2878 ||| INVOKING Spit Poison.
  2883 | D:4      | 2883 ||| INVOKING Spit Poison.
  2890 | D:4      | 2890 ||| INVOKING Spit Poison.
  2893 | D:4      | Noticed Pikel
  2895 | D:4      | 2895 ||| INVOKING Spit Poison.
  2900 | D:4      | 2900 ||| INVOKING Spit Poison.
  2902 | D:4      | 2902 ||| Stepping ~*~*~tactically~*~*~ (outnumbered).
  2906 | D:4      | 2906 ||| INVOKING Spit Poison.
  2909 | D:4      | 2909 ||| INVOKING Spit Poison.
  2915 | D:4      | 2915 ||| INVOKING Spit Poison.
  2918 | D:4      | HP: 16/66 [Pikel/+0 whip of flaming (3)]
  2920 | D:4      | 2920 ||| INVOKING Spit Poison.
  2921 | D:4      | HP: 2/66 [Pikel/+0 whip of flaming (7)]
  2921 | D:4      | Slain by Pikel

Levels and vault maps discovered:
D:1:      nicolae_arrival_washed_ashore, layout_loops_ring
D:2:      layout_basic, minmay_misc_feat_secret_circle, minmay_misc_feat_tiny
D:3:      layout_rooms, nicolae_tso_swordbearing_angel,
          hellmonk_ecumenical_altar_crossroads, gammafunk_ghost_nasty_kobolds,
          uniq_sigmund
D:4:      minmay_thinvault, layout_basic, mainiacjoe_overflow_paths,
          grunt_decor_junction, uniq_pikel, uniq_natasha, uniq_robin

Skill      XL: |  1  2  3  4  5  6 |
---------------+-------------------+-----
Ranged Weapons | 4 5 6 |  6.8
Fighting       | 4 |  4.9
Dodging        | |  1.5
Stealth        | |  1.5

Action                     |  1- 3 |  4- 6 |  7- 9 || total
---------------------------+-------+-------+-------++-------
   Fire: Shortbow          |    60 |    70 |    61 ||   191
Ability: Spit Poison       |    21 |    28 |    19 ||    68
    Use: Scroll            |     5 |     3 |       ||     8
 Armour: Leather armour    |     3 |     3 |     2 ||     8
  Dodge: Dodged            |    21 |    23 |    34 ||    78

Table legend:
 A = Non-vault XP
 B = Vault XP
 C = Vault XP percentage of total XP
 D = Non-vault monster count
 E = Vault monster count
 F = Vault count percentage of total count
                 A         B        C        D         E       F
            +---------+---------+-------+---------+---------+-------
      Total |     285 |     564 |  66.4 |      60 |      31 |  34.1
            +---------+---------+-------+---------+---------+-------
        D:1 |      10 |       0 |   0.0 |       7 |       0 |   0.0
        D:2 |      39 |       0 |   0.0 |      18 |       0 |   0.0
        D:3 |     182 |     239 |  56.8 |      27 |       1 |   3.6
        D:4 |      54 |     325 |  85.8 |       8 |      30 |  78.9
            +---------+---------+-------+---------+---------+-------
